TOP OF THE 1ST |
Greenville 84s batting - Pitching for Chicago Machine : LHP Li-xue Si-ma
|
Pitching: LHP Li-xue Si-ma
|
|
Batting: RHB Carlos Torres
|
0-0: Called Strike 0-1: Ground out 4-3 (Groundball, 4)
|
Batting: LHB Chris Moore
|
0-0: Ball 1-0: Called Strike 1-1: Swinging Strike 1-2: Strikes out looking
|
Batting: RHB Enzo Díaz
|
0-0: Ball 1-0: Ball 2-0: Swinging Strike 2-1: Swinging Strike 2-2: Ball 3-2: Foul Ball, location: 2F 3-2: Ground out 5-3 (Groundball, 56)
|
Top of the 1st over - 0 run(s), 0 hit(s), 0 error(s), 0 left on base; Greenville 0 - Chicago 0 |
BOTTOM OF THE 1ST |
Chicago Machine batting - Pitching for Greenville 84s : RHP Andrés Vázquez
|
Pitching: RHP Andrés Vázquez
|
|
Batting: RHB Matt Doyle
|
0-0: Ball 1-0: Ball 2-0: Ball 3-0: Called Strike 3-1: Base on Balls
|
Batting: RHB Lorenzo Guzmán
|
0-0: Ball 1-0: Called Strike 1-1: SINGLE (Groundball, P) (infield hit) Matt Doyle to second
|
Batting: RHB Doug Stephens
|
0-0: Foul Ball, location: 2F 0-1: Called Strike 0-2: Grounds into double play, 3-6-3 (Groundball, 34) Matt Doyle to third
|
Batting: SHB José Alomar
|
0-0: Ball 1-0: Ground out 4-3 (Groundball, 4)
|
Bottom of the 1st over - 0 run(s), 1 hit(s), 0 error(s), 1 left on base; Greenville 0 - Chicago 0 |
TOP OF THE 2ND |
Greenville 84s batting - Pitching for Chicago Machine : LHP Li-xue Si-ma
|
Batting: LHB Brock Larsen
|
0-0: Called Strike 0-1: Ground out U3 (Groundball, 34)
|
Batting: LHB Paco Rosas
|
0-0: Ball 1-0: Ball 2-0: Called Strike 2-1: SOLO HOME RUN (Flyball, 8RXD), Distance : 427 ft
|
Batting: LHB George Wood
|
0-0: Called Strike 0-1: Swinging Strike 0-2: Ball 1-2: Ball 2-2: Ball 3-2: Base on Balls
|
Batting: RHB Owen Carter
|
0-0: Ball 1-0: Grounds into double play, 4-6-3 (Groundball, 34)
|
Top of the 2nd over - 1 run(s), 1 hit(s), 0 error(s), 0 left on base; Greenville 1 - Chicago 0 |
BOTTOM OF THE 2ND |
Chicago Machine batting - Pitching for Greenville 84s : RHP Andrés Vázquez
|
Batting: LHB Kiyonaga Morita
|
0-0: Called Strike 0-1: Swinging Strike 0-2: Ball 1-2: DOUBLE (Line Drive, 78XD)
|
Batting: SHB Lee Townsend
|
0-0: Called Strike 0-1: Foul Ball, location: 2F 0-2: Ball 1-2: Foul Ball, location: 2F 1-2: Strikes out swinging
|
Batting: RHB Luis Martínez
|
0-0: Ball 1-0: Ground out 5-3 (Groundball, 56)
|
Batting: SHB Jesús Ramírez
|
0-0: Called Strike 0-1: Ball 1-1: Called Strike 1-2: Ball 2-2: Foul Ball, location: 2F 2-2: Fly out, F8 (Flyball, 8RM)
|
Bottom of the 2nd over - 0 run(s), 1 hit(s), 0 error(s), 1 left on base; Greenville 1 - Chicago 0 |
TOP OF THE 3RD |
Greenville 84s batting - Pitching for Chicago Machine : LHP Li-xue Si-ma
|
Batting: LHB Robert Moore
|
0-0: Foul Ball, location: 2F 0-1: Ball 1-1: Swinging Strike 1-2: Ball 2-2: Ball 3-2: Base on Balls
|
Batting: RHB Jorge Cisneros
|
0-0: Grounds into double play, 5-4-3 (Groundball, 56)
|
Batting: RHB Carlos Torres
|
0-0: Ball 1-0: Called Strike 1-1: Hit by Pitch
|
Batting: LHB Chris Moore
|
0-0: Ball 1-0: Swinging Strike 1-1: Ball 2-1: Swinging Strike 2-2: Strikes out swinging
|
Top of the 3rd over - 0 run(s), 0 hit(s), 0 error(s), 1 left on base; Greenville 1 - Chicago 0 |
BOTTOM OF THE 3RD |
Chicago Machine batting - Pitching for Greenville 84s : RHP Andrés Vázquez
|
Batting: SHB Joaquín López
|
0-0: Called Strike 0-1: Called Strike 0-2: Ball 1-2: Strikes out swinging
|
Batting: RHB Matt Doyle
|
0-0: SINGLE (Line Drive, 3D)
|
Batting: RHB Lorenzo Guzmán
|
0-0: Fly out, F6 (Popup, 6D)
|
Batting: RHB Doug Stephens
|
0-0: Foul Ball, location: 2F 0-1: Ball 1-1: Ball 2-1: DOUBLE (Line Drive, 78XD) Matt Doyle to third Throwing error, E7 Matt Doyle scores Doug Stephens to third
|
Batting: SHB José Alomar
|
0-0: Ball 1-0: Ground out U3 (Groundball, 34S)
|
Bottom of the 3rd over - 1 run(s), 2 hit(s), 1 error(s), 1 left on base; Greenville 1 - Chicago 1 |
TOP OF THE 4TH |
Greenville 84s batting - Pitching for Chicago Machine : LHP Li-xue Si-ma
|
Batting: RHB Enzo Díaz
|
0-0: Called Strike 0-1: Ball 1-1: Swinging Strike 1-2: Ground out 1-3 (Groundball, 13S)
|
Batting: LHB Brock Larsen
|
0-0: Called Strike 0-1: Ground out 5-3 (Groundball, 56)
|
Batting: LHB Paco Rosas
|
0-0: Ball 1-0: Foul Ball, location: 2F 1-1: Called Strike 1-2: Ball 2-2: Ball 3-2: Ground out 3-1 (Groundball, 34S)
|
Top of the 4th over - 0 run(s), 0 hit(s), 0 error(s), 0 left on base; Greenville 1 - Chicago 1 |
BOTTOM OF THE 4TH |
Chicago Machine batting - Pitching for Greenville 84s : RHP Andrés Vázquez
|
Batting: LHB Kiyonaga Morita
|
0-0: Called Strike 0-1: Ball 1-1: DOUBLE (Flyball, 7LM)
|
Batting: SHB Lee Townsend
|
0-0: Foul Ball, location: 2F 0-1: Swinging Strike 0-2: Ball 1-2: Foul Ball, location: 2F 1-2: DOUBLE (Line Drive, 3D) Kiyonaga Morita scores
|
Batting: RHB Luis Martínez
|
0-0: Called Strike 0-1: Foul Ball, location: 2F 0-2: 2-RUN HOME RUN (Flyball, 7D), Distance : 392 ft
|
Batting: SHB Jesús Ramírez
|
0-0: Foul Ball, location: 2F 0-1: Ball 1-1: Swinging Strike 1-2: Ball 2-2: Foul Ball, location: 2F 2-2: Ball 3-2: Base on Balls
|
Batting: SHB Joaquín López
|
0-0: Called Strike 0-1: Ball 1-1: Ball 2-1: SINGLE (Groundball, 56D) Jesús Ramírez to second
|
Batting: RHB Matt Doyle
|
0-0: Called Strike 0-1: Foul Ball, location: 2F 0-2: Ball 1-2: Foul Ball, location: 2F 1-2: Foul Ball, location: 2F 1-2: Foul Ball, location: 2F 1-2: Ball 2-2: Grounds into double play, 1-6-3 (Groundball, 13) Jesús Ramírez to third
|
Batting: RHB Lorenzo Guzmán
|
0-0: Called Strike 0-1: Called Strike 0-2: Strikes out swinging
|
Bottom of the 4th over - 3 run(s), 4 hit(s), 0 error(s), 1 left on base; Greenville 1 - Chicago 4 |
TOP OF THE 5TH |
Greenville 84s batting - Pitching for Chicago Machine : LHP Li-xue Si-ma
|
Batting: LHB George Wood
|
0-0: SINGLE (Line Drive, 8RS)
|
Batting: RHB Owen Carter
|
0-0: Called Strike 0-1: Ball 1-1: Called Strike 1-2: Ball 2-2: SINGLE (Flyball, 8LS) George Wood to second
|
Batting: LHB Robert Moore
|
0-0: Ball 1-0: Called Strike 1-1: Ball 2-1: Ball 3-1: Base on Balls George Wood to third Owen Carter to second
|
Batting: RHB Jorge Cisneros
|
0-0: Swinging Strike 0-1: SINGLE (Groundball, 5D) George Wood scores Owen Carter to third Robert Moore to second
|
Batting: RHB Carlos Torres
|
0-0: Ball 1-0: Ball 2-0: Ball 3-0: Base on Balls Owen Carter scores Robert Moore to third Jorge Cisneros to second
|
Batting: LHB Chris Moore
|
0-0: Foul Ball, location: 2F 0-1: Ball 1-1: SINGLE (Groundball, 56D) Robert Moore scores Jorge Cisneros to third Carlos Torres to second Runner from 3rd tries for Home, SAFE, no throw
|
Batting: RHB Enzo Díaz
|
0-0: Called Strike 0-1: Ball 1-1: Ball 2-1: Foul Ball, location: 2F 2-2: Foul Ball, location: 2F 2-2: SINGLE (Groundball, 6MD) Carlos Torres to third Chris Moore to second Runner from 3rd tries for Home, throw and OUT! Chris Moore to third Enzo Díaz to second
|
Batting: LHB Brock Larsen
|
0-0: Ball 1-0: Ball 2-0: Ball 3-0: Base on Balls
|
Batting: LHB Paco Rosas
|
0-0: Swinging Strike 0-1: Hit by Pitch Chris Moore scores Enzo Díaz to third Brock Larsen to second
|
Batting: LHB George Wood
|
0-0: Swinging Strike 0-1: SINGLE (Line Drive, 34D) Enzo Díaz scores Brock Larsen to third Paco Rosas to second Runner from 3rd tries for Home, SAFE, no throw
|
Pitching: LHP Austin Wall
|
|
Batting: RHB Owen Carter
|
0-0: Called Strike 0-1: Ball 1-1: Foul Ball, location: 2F 1-2: Ball 2-2: Foul Ball, location: 2F 2-2: Fly out, F1 (Line Drive, 13)
|
Batting: LHB Robert Moore
|
0-0: Ball 1-0: Ball Pickoff Throw to Second - Error! E1 Paco Rosas to third George Wood to second 2-0: Ball 3-0: Called Strike 3-1: Called Strike 3-2: Foul Ball, location: 2F 3-2: Foul Ball, location: 2F 3-2: SINGLE (Groundball, 4MD) Paco Rosas scores George Wood to third George Wood scores
|
Batting: RHB Jorge Cisneros
|
0-0: Ball 1-0: Ball 2-0: Ball 3-0: Swinging Strike 3-1: Swinging Strike 3-2: Foul Ball, location: 2F 3-2: Base on Balls Robert Moore to second
|
Batting: RHB Carlos Torres
|
0-0: Ball 1-0: Ball 2-0: Called Strike 2-1: Ball 3-1: Base on Balls Robert Moore to third Jorge Cisneros to second
|
Batting: LHB Chris Moore
|
0-0: Ball 1-0: Called Strike 1-1: Ball 2-1: DOUBLE (Flyball, 78D) Robert Moore scores Jorge Cisneros scores Carlos Torres to third
|
Batting: RHB Enzo Díaz
|
0-0: Called Strike 0-1: Ball 1-1: Swinging Strike 1-2: Fly out, F8 (Flyball, 89M)
|
Top of the 5th over - 11 run(s), 8 hit(s), 1 error(s), 2 left on base; Greenville 12 - Chicago 4 |
BOTTOM OF THE 5TH |
Chicago Machine batting - Pitching for Greenville 84s : RHP Andrés Vázquez
|
Batting: RHB Doug Stephens
|
0-0: Called Strike 0-1: DOUBLE (Line Drive, 78M)
|
Batting: SHB José Alomar
|
0-0: Ground out 5-3 (Groundball, 5)
|
Batting: LHB Kiyonaga Morita
|
0-0: Called Strike 0-1: Foul Ball, location: 2F 0-2: Ball 1-2: Fly out, F9 (Flyball, 9S)
|
Batting: SHB Lee Townsend
|
0-0: Foul Ball, location: 2F 0-1: Ball 1-1: Ball 2-1: Ground out 3-1 (Groundball, 34)
|
Bottom of the 5th over - 0 run(s), 1 hit(s), 0 error(s), 1 left on base; Greenville 12 - Chicago 4 |
TOP OF THE 6TH |
Greenville 84s batting - Pitching for Chicago Machine : LHP Austin Wall
|
Batting: LHB Brock Larsen
|
0-0: Swinging Strike 0-1: Ground out 6-3 (Groundball, 6)
|
Pitching: LHP John Lane
|
|
Batting: LHB Paco Rosas
|
0-0: Called Strike 0-1: Ball 1-1: Ball 2-1: Foul Ball, location: 2F 2-2: Foul Ball, location: 2F 2-2: Ball 3-2: Fly out, F4 (Popup, 34D)
|
Batting: LHB George Wood
|
0-0: Ball 1-0: Foul Ball, location: 2F 1-1: Foul Ball, location: 2F 1-2: Ball 2-2: Ball 3-2: Fly out, F7 (Flyball, 7LM)
|
Top of the 6th over - 0 run(s), 0 hit(s), 0 error(s), 0 left on base; Greenville 12 - Chicago 4 |
BOTTOM OF THE 6TH |
Chicago Machine batting - Pitching for Greenville 84s : RHP Andrés Vázquez
|
Pitching: RHP Artie Downing
|
|
Batting: RHB Luis Martínez
|
0-0: SINGLE (Line Drive, 3D)
|
Batting: SHB Jesús Ramírez
|
0-0: Ball 1-0: Grounds into double play, 4-6-3 (Groundball, 4)
|
Batting: SHB Joaquín López
|
0-0: Ball 1-0: Called Strike 1-1: Ball 2-1: Called Strike 2-2: Ground out 6-3 (Groundball, 6)
|
Bottom of the 6th over - 0 run(s), 1 hit(s), 0 error(s), 0 left on base; Greenville 12 - Chicago 4 |
TOP OF THE 7TH |
Greenville 84s batting - Pitching for Chicago Machine : LHP John Lane
|
Batting: RHB Owen Carter
|
0-0: Ball 1-0: Foul Ball, location: 2F 1-1: Swinging Strike 1-2: Fly out, F9 (Flyball, 9LSF)
|
Pitching: RHP Howard Joyce
|
|
Batting: LHB Robert Moore
|
0-0: Ball 1-0: Ball 2-0: Called Strike 2-1: Foul Ball, location: 2F 2-2: Strikes out swinging
|
Batting: RHB Jorge Cisneros
|
0-0: Ball 1-0: Ball 2-0: Ball 3-0: Base on Balls
|
Batting: RHB Carlos Torres
|
0-0: Called Strike 0-1: Ball 1-1: Ball Wild Pitch! Jorge Cisneros to second 2-1: Ball 3-1: Base on Balls
|
Batting: LHB Chris Moore
|
0-0: Called Strike 0-1: Called Strike 0-2: Ball 1-2: Strikes out swinging
|
Top of the 7th over - 0 run(s), 0 hit(s), 0 error(s), 2 left on base; Greenville 12 - Chicago 4 |
BOTTOM OF THE 7TH |
Chicago Machine batting - Pitching for Greenville 84s : RHP Artie Downing
|
Batting: RHB Matt Doyle
|
0-0: Ball 1-0: Ball 2-0: SINGLE (Groundball, 4MD)
|
Batting: RHB Lorenzo Guzmán
|
0-0: Swinging Strike 0-1: Ball 1-1: Swinging Strike 1-2: Grounds into double play, 6-4-3 (Groundball, 6)
|
Batting: RHB Doug Stephens
|
0-0: Called Strike 0-1: Ball 1-1: Called Strike 1-2: Ball 2-2: Foul Ball, location: 2F 2-2: Ball 3-2: Ground out 5-3 (Groundball, 56S)
|
Bottom of the 7th over - 0 run(s), 1 hit(s), 0 error(s), 0 left on base; Greenville 12 - Chicago 4 |
TOP OF THE 8TH |
Greenville 84s batting - Pitching for Chicago Machine : RHP Howard Joyce
|
Batting: RHB Enzo Díaz
|
0-0: Ball 1-0: Ball 2-0: Called Strike 2-1: SOLO HOME RUN (Flyball, 7D), Distance : 399 ft
|
Batting: LHB Brock Larsen
|
0-0: Ball 1-0: Ball 2-0: Ball 3-0: Base on Balls
|
Pitching: RHP Cory Lowe
|
|
Batting: LHB Paco Rosas
|
0-0: Called Strike 0-1: Grounds into double play, 4-6-3 (Groundball, 4)
|
Batting: LHB George Wood
|
0-0: Ground out 1-3 (Groundball, 15)
|
Top of the 8th over - 1 run(s), 1 hit(s), 0 error(s), 0 left on base; Greenville 13 - Chicago 4 |
BOTTOM OF THE 8TH |
Chicago Machine batting - Pitching for Greenville 84s : RHP Artie Downing
|
Batting: SHB José Alomar
|
0-0: Called Strike 0-1: Ball 1-1: Foul Ball, location: 2F 1-2: Ball 2-2: DOUBLE (Groundball, 3L)
|
Batting: LHB Kiyonaga Morita
|
0-0: Ball 1-0: Ball 2-0: Ball 3-0: Called Strike 3-1: Fly out, F7 (Flyball, 7LS)
|
Batting: SHB Lee Townsend
|
0-0: Foul Ball, location: 2F 0-1: Ball 1-1: Ground out 3-1 (Groundball, 34) José Alomar to third
|
Batting: RHB Luis Martínez
|
0-0: Ball 1-0: Ball 2-0: Called Strike 2-1: Foul Ball, location: 2F 2-2: Ground out 6-3 (Groundball, 6M)
|
Bottom of the 8th over - 0 run(s), 1 hit(s), 0 error(s), 1 left on base; Greenville 13 - Chicago 4 |
TOP OF THE 9TH |
Greenville 84s batting - Pitching for Chicago Machine : RHP Cory Lowe
|
Pitching: RHP Víctor Reyes
|
|
Batting: RHB Owen Carter
|
0-0: Called Strike 0-1: Ball 1-1: Called Strike 1-2: Foul Ball, location: 2F 1-2: Foul Ball, location: 2F 1-2: Ball 2-2: Ball 3-2: Base on Balls
|
Batting: LHB Robert Moore
|
0-0: Ball 1-0: Ball 2-0: Foul Ball, location: 2F 2-1: Foul Ball, location: 2F 2-2: Ball Wild Pitch! Owen Carter to second 3-2: Strikes out swinging
|
Batting: RHB Jorge Cisneros
|
0-0: Ball 1-0: Ball 2-0: Called Strike 2-1: Ball 3-1: Base on Balls
|
Batting: RHB Carlos Torres
|
0-0: Called Strike 0-1: Ball 1-1: DOUBLE (Flyball, 78XD) Owen Carter scores Jorge Cisneros to third
|
Batting: LHB Chris Moore
|
0-0: Swinging Strike 0-1: Ground out U3 (Groundball, 3)
|
Batting: RHB Enzo Díaz
|
0-0: Foul Ball, location: 2F 0-1: Swinging Strike 0-2: Strikes out swinging
|
Top of the 9th over - 1 run(s), 1 hit(s), 0 error(s), 2 left on base; Greenville 14 - Chicago 4 |
BOTTOM OF THE 9TH |
Chicago Machine batting - Pitching for Greenville 84s : RHP Artie Downing
|
Batting: SHB Jesús Ramírez
|
0-0: Called Strike 0-1: Called Strike 0-2: Ball 1-2: Ball 2-2: Strikes out swinging
|
Batting: SHB Joaquín López
|
0-0: Ball 1-0: Ball 2-0: Called Strike 2-1: Ground out U3 (Groundball, 34)
|
Batting: RHB Matt Doyle
|
0-0: Foul Ball, location: 2F 0-1: Called Strike 0-2: Foul Ball, location: 2F 0-2: Strikes out swinging
|
Bottom of the 9th over - 0 run(s), 0 hit(s), 0 error(s), 0 left on base; Greenville 14 - Chicago 4 |
|